 Dungeon Crawl Stone Soup version 0.23.2-33-g5129a83184 (webtiles) character file.

Game seed: 17379559763826101609

72916 t4s4d4r the Pandemonic (level 15, -14/93 HPs)
             Began as a Gargoyle Earth Elementalist on July 1, 2019.
             Was a High Priest of Makhleb.
             Demolished by an ettin
             ... wielding a +0 dire flail
              (29 damage)
             ... on level 15 of the Dungeon.
             The game lasted 01:21:46 (30680 turns).

t4s4d4r the Pandemonic (GrEE)                      Turns: 30680, Time: 01:21:47

Health: -14/93     AC: 22    Str: 13    XL:     15   Next: 41%
Magic:  8/43       EV: 14    Int: 24    God:    Makhleb [*****.]
Gold:   1378       SH:  0    Dex: 10    Spells: 8/32 levels left

rFire    + . .     SeeInvis .   a - staff of power
rCold    + + .     Gourm    .   (no shield)
rNeg     + . .     Faith    .   w - +3 leather armour {rC+}
rPois    ∞         Spirit   .   o - +1 helmet
rElec    +         Reflect  .   Q - scarf {rC+ rF+}
rCorr    .         Harm     .   s - +0 pair of gloves
MR       +....                  x - +1 pair of boots
Stlth    ++++......             G - amulet of regeneration
HPRegen  0.65/turn              B - +3 ring of intelligence
MPRegen  0.28/turn              u - +3 ring of evasion

@: about to teleport
A: big wings, negative energy resistance 1, electricity resistance, unbreathing,
petrification resistance, rot immunity, AC +11
a: Fly, Minor Destruction, Lesser Servant of Makhleb, Major Destruction, Greater
Servant of Makhleb, Renounce Religion


You were on level 15 of the Dungeon.
You worshipped Makhleb.
Makhleb was extremely pleased with you.
You were near starving.

You visited 4 branches of the dungeon, and saw 19 of its levels.

You collected 2499 gold pieces.
You spent 1121 gold pieces at shops.

Inventory:

Hand Weapons
 b - a +2 scimitar of slicing
 E - a +4 quarterstaff of chaos
Missiles
 A - 542 stones (quivered)
 F - 4 throwing nets
Armour
 o - a +1 helmet (worn)
 s - a +0 pair of gloves (worn)
 w - a +3 leather armour of cold resistance (worn)
 x - a +1 pair of boots (worn)
 Q - a scarf of resistance (worn)
Magical Staves
 a - an uncursed staff of power (weapon)
Jewellery
 k - an uncursed amulet of harm {unknown}
 u - a +3 ring of evasion (right hand)
 B - a +3 ring of intelligence (left hand)
 C - the ring "Eseiket" {*Tele +Fly rC+ MR+ Str+2}
   (You found it on level 6 of the Dungeon)

   [ring of teleportation]

   It may teleport you next to monsters.
   It affects your strength (+2).
   It protects you from cold.
   It affects your resistance to hostile enchantments.
   It lets you fly.
 G - an amulet of regeneration (around neck)
Wands
 q - a wand of paralysis (12)
 y - a wand of iceblast (1)
 K - a wand of acid (13)
 L - a wand of clouds (3)
Scrolls
 e - 3 scrolls of enchant weapon
 i - 2 scrolls of fog
 v - 5 scrolls of teleportation
 I - 2 scrolls of amnesia
 J - a scroll of summoning
 M - 4 scrolls of identify
 S - a scroll of silence
Potions
 c - 4 potions of lignification
 f - 4 potions of brilliance
 g - 3 potions of agility
 j - 6 potions of flight
 l - a potion of magic {unknown}
 m - a potion of cancellation
 n - 4 potions of haste
 p - 7 potions of curing
 r - 3 potions of heal wounds
 t - 2 potions of mutation
 z - 3 potions of might
 N - a potion of resistance
Miscellaneous
 D - a lightning rod (4/4)
 P - a fan of gales
Comestibles
 d - 28 rations


   Skills:
 - Level 10.5 Fighting
 - Level 4.0 Staves
 - Level 1.5 Dodging
 - Level 11.7 Stealth
 - Level 9.1 Spellcasting
 * Level 9.1 Conjurations
   Level 0.7 Transmutations
 + Level 5.6 Fire Magic
 + Level 13.4 Earth Magic
 - Level 13.9 Invocations
 - Level 6.3 Evocations


You had 8 spell levels left.
You knew the following spells:

 Your Spells              Type           Power        Failure   Level  Hunger
a - Sandblast             Erth           ######       1%          1    None
b - Stone Arrow           Conj/Erth      ######       1%          3    None
c - Lee's Rapid Deconstr  Erth           ######....   1%          5    ####...
d - Fireball              Conj/Fire      #####.....   10%         5    ####...
e - Sticky Flame          Conj/Fire      #####...     3%          4    ##.....
f - Iron Shot             Conj/Erth      ######....   11%         6    ######.

Your spell library contained the following spells:

 Spells                   Type           Power        Failure   Level  Hunger
 Flame Tongue             Conj/Fire      #####        1%          1    None
 Magic Dart               Conj           ####         1%          1    None
 Passwall                 Tmut/Erth      #####...     1%          2    None
 Searing Ray              Conj           ######       1%          2    None
 Throw Flame              Conj/Fire      #####.       1%          2    None
 Conjure Flame            Conj/Fire      #####...     1%          3    None
 Iskenderun's Mystic Bla  Conj           ######..     1%          4    ##.....
 Dazzling Spray           Conj/Hex       ####..       3%          3    None
 Leda's Liquefaction      Hex/Erth       #####.....   4%          4    ##.....
 Petrify                  Tmut/Erth      #####...     4%          4    ##.....
 Inner Flame              Hex/Fire       ###.....     7%          3    None
 Animate Skeleton         Necr           N/A          8%          1    None
 Summon Small Mammal      Summ           ##..         8%          1    None
 Call Imp                 Summ           ##......     11%         2    None
 Force Lance              Conj/Tloc      ####....     11%         4    ##.....
 Fulminant Prism          Conj/Hex       ####......   11%         4    ##.....
 Call Canine Familiar     Summ           ##......     22%         3    None
 Regeneration             Chrm/Necr      ##........   22%         3    None
 Summon Guardian Golem    Hex/Summ       ##......     22%         3    None
 Summon Ice Beast         Ice/Summ       ##......     58%         4    ##.....
 Summon Lightning Spire   Summ/Air       ##......     58%         4    ##.....


Dungeon Overview and Level Annotations

Branches:
Dungeon (15/15)            Temple (1/1) D:4            Lair (0/6) D:8
    Orc (2/2) D:10            Elf (0/3) Orc:2        Vaults (0/5) D:14
 Depths (1/5) D:15

Altars:
Ashenzari
Fedhas
Gozag
Hepliaklqana
Kikubaaqudgha
Makhleb
Nemelex Xobeh
Okawaru
Ru
Sif Muna
Trog
Uskayaw
Vehumet
Wu Jian
Yredelemnul
Zin
Beogh

Shops:
D:5 }?(   D:15 (!(   Orc:1 (%   Orc:2 (%(

Annotations:
D:7 Harold
D:10 Gastronok
D:14 1 exclusion
Orc:2 1 runed translucent door, jacquesderrida's ghost, journeyman HOVM


Innate Abilities, Weirdness & Mutations

You are resistant to torment.
Your stone body is resilient. (AC +11)
You are immune to poison.
Your large and strong wings let you fly indefinitely.
You resist negative energy. (rN+)
You are resistant to electric shocks. (rElec)
You can survive without breathing.
You are immune to petrification.
You are immune to rotting.


Message History

Confirm with . or Enter, or press ? or * to list all spells.
Aiming: Iron Shot (quite dangerous; 11% risk of failure)
Press: ? - help, Shift-Dir - straight line, f/p - ettin
Aim: an ettin, wielding two +0 dire flails (lightly wounded, covered in liquid flames)
The iron shot misses the ettin.
The ettin burns!
The ettin hits you with a +0 dire flail!!
* * * LOW HITPOINT WARNING * * *
The ettin hits you but does no damage.
The deep troll earth mage casts a spell past you.
The wall shatters!
The blast of rock fragments hits you!
* * * LOW HITPOINT WARNING * * *
As you read the scroll of teleportation, it crumbles to dust.
You feel strangely unstable.
The ettin burns!
The ettin hits you with a +0 dire flail.
* * * LOW HITPOINT WARNING * * *
The ettin hits you but does no damage.
Unknown command.
You feel better.
The ettin burns!
The ettin hits you with a +0 dire flail!!
You die...

#.## ##.# ##.#......#
##.###.## #.######.#
##...#### ##.# #.#
##.###.## #..######.#
#.##.#.## #..##......
#...###.####(...###..
##### ###..#.#### #..
########### #..#.######..
#......##@####.##.....###.
#.########C.....####<.# #.
##.## #)≈.#[≈# #..# #.
#####...#### #)..#..# #..#
#. #..........####.####.##
#..# #.
#.###...####......#...#
#..# #. #.# ##.##
#..#.≈...≈.# #..# #. #.#
#.# ########...# #..# #.
#.# #.# #.[####.##.# #..#
#.


You could see an ettin (burning).

Vanquished Creatures
  A frost giant (D:15)
  3 stone giants
  Azrael (D:13)
  2 ettins (Depths:1)
  Snorg (D:13)
  A fire dragon (Depths:1)
  A hydra (D:15)
  8 vault guards
  6 centaur warriors
  6 two-headed ogres
  A satyr (D:15)
  An ogre mage (D:15)
  3 skeletal warriors (D:13)
  A deep troll (Depths:1)
  A deep elf archer (D:14)
  5 unseen horrors
  2 orc knights (Orc:2)
  3 deep elf magi
  11 ugly things
  A salamander (shapeshifter) (D:14)
  A cyclops (shapeshifter) (D:14)
  9 slime creatures
  2 cyclopes (D:13)
  2 manticores
  8 centaur zombies
  A black mamba (shapeshifter) (D:13)
  A komodo dragon (D:13)
  A kobold demonologist (D:14)
  A freezing wraith (D:14)
  A tengu conjurer (D:14)
  8 trolls
  A queen bee (D:12)
  3 meliai (D:12)
  2 hippogriffs
  A dream sheep (shapeshifter) (D:14)
  A meliai zombie (D:14)
  A shadow (D:15)
  A spriggan (shapeshifter) (D:15)
  4 wyverns
  A human (D:10)
  Sigmund (D:2)
  26 yaks
  3 wraiths
  A fire elemental (D:13)
  2 hungry ghosts (D:10)
  4 vampire mosquitoes (D:12)
  6 wargs
  Menkaure (D:6)
  A soldier ant (D:13)
  A water moccasin (D:10)
  2 acid dragons
  3 hell hounds (D:13)
  24 orc warriors
  3 phantoms
  6 ice beasts
  An eye of draining (D:15)
  2 necrophages
  10 ogres
  17 centaurs
  A crocodile (D:13)
  5 big kobolds
  8 bullfrogs
  A wyvern zombie (D:6)
  A water moccasin zombie (D:6)
  A troll zombie (D:10)
  2 wyvern skeletons
  4 scorpions
  34 killer bees
  6 wights
  3 howler monkeys
  6 crimson imps
  A bullfrog zombie (D:4)
  4 jellies
  7 hounds
  2 bullfrog skeletons
  A gnoll shaman (D:4)
  18 orc priests
  Crazy Yiuf (D:6)
  4 centaur skeletons
  5 iguanas
  13 orc wizards
  12 worker ants
  A killer bee zombie (D:7)
  5 ogre zombies (D:10)
  A hound zombie (D:6)
  A hound skeleton (D:10)
  A howler monkey zombie (D:9)
  14 gnolls
  17 adders
  3 shadow imps
  A howler monkey simulacrum (D:11)
  3 oozes
  2 worms
  10 leopard geckos
  62 orcs
  A ball python (D:1)
  6 giant cockroaches
  9 goblins
  9 hobgoblins
  12 jackals
  2 quokkas
  7 bats
  4 frilled lizards
  3 goblin zombies (D:10)
  28 kobolds
  2 leopard gecko skeletons
  A leopard gecko zombie (D:6)
  2 orc skeletons (D:10)
  12 orc zombies (D:10)
  A quokka skeleton (D:7)
  8 rats
591 creatures vanquished.

Vanquished Creatures (collateral kills)
  2 orc warlords (Orc:2)
  2 deep troll shamans (Depths:1)
  A two-headed ogre (D:15)
  A deep troll earth mage (Depths:1)
  2 orc high priests
  A deep troll (Depths:1)
  An orc knight (Orc:1)
  3 orc sorcerers (Orc:2)
  A cyclops (Orc:2)
  A troll (Orc:2)
  2 slime creatures (D:14)
  2 wargs (Orc:2)
  13 orc warriors
  5 ogres
  9 orc priests
  9 orc wizards
  6 gnolls
  27 orcs
88 creatures vanquished.

Vanquished Creatures (others)
  A slime creature (D:13)
  An orc (D:10)
  An orc zombie (D:10)
3 creatures vanquished.

Grand Total: 682 creatures vanquished

Notes
Turn   | Place    | Note
-------+----------+-------------------------------------------
     0 | D:1      | t4s4d4r the Gargoyle Earth Elementalist began the quest for
                  | the Orb.
     0 | D:1      | Reached XP level 1. HP: 10/10 MP: 3/3
   479 | D:1      | Reached XP level 2. HP: 8/15 MP: 2/5
  1108 | D:1      | Reached XP level 3. HP: 19/19 MP: 7/7
  2127 | D:2      | Noticed Sigmund
  2136 | D:2      | Killed Sigmund
  2136 | D:2      | Reached XP level 4. HP: 10/24 MP: 1/8
  2136 | D:2      | Reached XP level 5. HP: 12/28 MP: 1/9
  2319 | D:2      | Learned a level 3 spell: Stone Arrow
  2325 | D:2      | Learned a level 5 spell: Lee's Rapid Deconstruction
  2403 | D:2      | Found a shattered altar of Ashenzari.
  2939 | D:3      | Reached skill level 1 in Fighting
  2958 | D:3      | Reached XP level 6. HP: 14/35 MP: 5/10
  4535 | D:4      | Reached XP level 7. HP: 29/44 MP: 0/12
  4644 | D:4      | Found a staircase to the Ecumenical Temple.
  4676 | Temple   | Entered the Ecumenical Temple
  4796 | Temple   | Became a worshipper of Makhleb the Destroyer
  5835 | D:5      | Entered Level 5 of the Dungeon
  5863 | D:4      | Reached skill level 1 in Conjurations
  6155 | D:5      | Found Xash's Magic Scroll Shoppe.
  6209 | D:5      | Reached XP level 8. HP: 48/48 MP: 10/14
  6239 | D:5      | Found Yriaw's Antique Weapon Shop.
  7093 | D:5      | Found a sacrificial altar of Ru.
  7182 | D:5      | Found Odoxaeme's Gadget Boutique.
  7308 | D:6      | Reached * piety under Makhleb
  7599 | D:6      | Reached skill level 10 in Earth Magic
  7677 | D:6      | Got a warped bronze ring
  7692 | D:6      | Identified the ring "Eseiket" {*Tele +Fly rC+ MR+ Str+2}
                  | (You found it on level 6 of the Dungeon)
  7706 | D:6      | Noticed Menkaure
  7828 | D:6      | Found a runed translucent door.
  7829 | D:6      | Noticed Crazy Yiuf
  7896 | D:6      | Killed Menkaure
  8084 | D:6      | Reached XP level 9. HP: 47/53 MP: 8/15
  8119 | D:6      | Reached skill level 5 in Fighting
  8210 | D:6      | Killed Crazy Yiuf
  8349 | D:7      | Noticed Harold
  8556 | D:7      | Found a bloodstained altar of Trog.
  8632 | D:7      | Reached ** piety under Makhleb
  9679 | D:8      | Found a staircase to the Lair.
  9965 | D:8      | Reached skill level 5 in Spellcasting
  9965 | D:8      | Reached XP level 10. HP: 62/66 MP: 8/18
 11876 | D:10     | Entered Level 10 of the Dungeon
 11913 | D:9      | Reached skill level 5 in Stealth
 12083 | D:10     | Noticed a red ugly thing
 12084 | D:10     | Noticed a deep elf mage
 12265 | D:10     | Reached XP level 11. HP: 71/71 MP: 4/23
 12266 | D:10     | Reached *** piety under Makhleb
 12448 | D:10     | Killed a red ugly thing
 12496 | D:10     | Noticed Gastronok
 13368 | D:10     | Killed a deep elf mage
 14165 | D:10     | Reached **** piety under Makhleb
 14256 | D:10     | Noticed a two-headed ogre
 14274 | D:10     | Killed a two-headed ogre
 14274 | D:10     | Reached skill level 10 in Fighting
 14364 | D:10     | Found a staircase to the Orcish Mines.
 14540 | D:10     | Reached skill level 1 in Invocations
 15565 | D:11     | Reached skill level 5 in Invocations
 15732 | D:11     | Reached ***** piety under Makhleb
 15742 | D:11     | Reached XP level 12. HP: 77/77 MP: 24/24
 17198 | D:13     | Noticed Snorg
 17209 | D:13     | Killed Snorg
 17331 | D:13     | Reached skill level 10 in Invocations
 17508 | D:13     | Noticed a centaur warrior
 17518 | D:13     | Killed a centaur warrior
 17677 | D:13     | Noticed a centaur warrior
 17684 | D:13     | Killed a centaur warrior
 17854 | D:13     | Noticed a centaur warrior
 18049 | D:13     | Noticed Azrael
 18199 | D:13     | Noticed a centaur warrior
 18212 | D:13     | Killed a centaur warrior
 18525 | D:13     | Killed a centaur warrior
 18877 | D:13     | Reached XP level 13. HP: 83/83 MP: 26/26
 19128 | D:13     | Reached skill level 5 in Evocations
 20242 | D:14     | Reached ****** piety under Makhleb
 20264 | D:14     | Reached skill level 1 in Staves
 20532 | D:14     | Noticed a vault guard
 20532 | D:14     | Noticed a vault guard
 20534 | D:14     | Found a gate to the Vaults.
 20534 | D:14     | Noticed a vault guard
 20534 | D:14     | Noticed a vault guard
 20534 | D:14     | Noticed a vault guard
 20534 | D:14     | Noticed a vault guard
 20536 | D:14     | Noticed a vault guard
 20536 | D:14     | Noticed a vault guard
 20585 | D:13     | Killed a vault guard
 20710 | D:13     | Killed a vault guard
 20864 | D:13     | Killed a vault guard
 20864 | D:13     | Reached skill level 10 in Stealth
 21283 | D:13     | Killed a vault guard
 21758 | D:14     | Killed a vault guard
 21762 | D:14     | Killed a vault guard
 21947 | D:15     | Entered Level 15 of the Dungeon
 22266 | D:15     | Got a faintly glowing robe
 22267 | D:15     | Identified the +2 robe of Qazlal's Hatred {*Corrode rPois
                  | SInv} (You found it on level 15 of the Dungeon)
 22303 | D:15     | Found Deloipy's Distillery.
 22322 | D:15     | Gained mutation: Your large and strong wings let you fly
                  | indefinitely. [Gargoyle growth]
 22322 | D:15     | Reached XP level 14. HP: 88/88 MP: 22/27
 22509 | D:15     | Found Ment's Antique Weapon Boutique.
 22709 | D:15     | Found a staircase to the Depths.
 22709 | D:15     | Noticed a dire elephant
 23249 | Orc:1    | Entered Level 1 of the Orcish Mines
 23854 | Orc:1    | Found Yplonuof's Weapon Shoppe.
 24029 | Orc:1    | Found Kyif's Food Emporium.
 24091 | Orc:1    | Noticed a stone giant
 24104 | Orc:1    | Killed a stone giant
 24446 | Orc:2    | Entered Level 2 of the Orcish Mines
 24579 | Orc:2    | Found a roughly hewn altar of Beogh.
 24636 | Orc:2    | Noticed an orc warlord
 24647 | Orc:2    | Killed an orc warlord
 24657 | Orc:2    | Found Wugg's Antique Weapon Emporium.
 24658 | Orc:2    | Found a roughly hewn altar of Beogh.
 24662 | Orc:2    | Found Osmoak's Antique Armour Shoppe.
 24726 | Orc:2    | Found a roughly hewn altar of Beogh.
 24746 | Orc:2    | Learned a level 5 spell: Fireball
 24751 | Orc:2    | Learned a level 4 spell: Sticky Flame
 24753 | Orc:2    | Found a runed translucent door.
 24814 | Orc:2    | Noticed jacquesderrida's ghost (journeyman HOVM)
 24880 | Orc:2    | Found a roughly hewn altar of Beogh.
 25159 | Orc:2    | Reached skill level 1 in Fire Magic
 25266 | Orc:2    | Found a roughly hewn altar of Beogh.
 25325 | Orc:2    | Found a staircase to the Elven Halls.
 25479 | Orc:2    | Found a roughly hewn altar of Beogh.
 25598 | Orc:2    | Found a roughly hewn altar of Beogh.
 25671 | Orc:2    | Noticed an orc warlord
 25709 | Orc:2    | Killed an orc warlord
 25884 | Orc:2    | Found Ryskyac's Food Emporium.
 25925 | Orc:2    | Found a roughly hewn altar of Beogh.
 26067 | Orc:2    | Found Plog's Weapon Emporium.
 26123 | Orc:2    | Bought an encrusted morningstar for 297 gold pieces
 26123 | Orc:2    | Identified the cursed +0 morningstar "Wasyceba" {crush, rF+
                  | rC+ MP-9} (You bought it in a shop on level 2 of the Orcish
                  | Mines)
 26429 | D:5      | Bought a scroll of acquirement for 728 gold pieces
 26431 | D:5      | Identified Sif Muna's Catalogue of Unholy Secrets and Clay
                  | (You acquired it on level 5 of the Dungeon)
 26440 | D:5      | Learned a level 6 spell: Iron Shot
 26833 | D:15     | Bought a potion of heal wounds for 60 gold pieces
 26833 | D:15     | Bought a potion of curing for 36 gold pieces
 26846 | D:15     | Found Jeaseciff's Antique Weapon Boutique.
 27123 | D:14     | Reached skill level 5 in Conjurations
 27809 | D:14     | Got a steaming ring mail
 27820 | D:14     | Identified the cursed +1 ring mail "Gucemyn" {rN++} (You
                  | found it on level 14 of the Dungeon)
 28152 | D:13     | Killed Azrael
 28648 | Depths:1 | Entered Level 1 of the Depths
 28648 | Depths:1 | Noticed a frost giant
 28661 | D:15     | Killed a frost giant
 28661 | D:15     | Reached XP level 15. HP: 61/93 MP: 19/28
 29485 | D:15     | Reached skill level 5 in Fire Magic
 30680 | D:15     | Demolished by an ettin

Skill      XL: |  1  2  3  4  5  6  7  8  9 10 11 12 13 14 15 |
---------------+----------------------------------------------+-----
Spellcasting   | 3 4 5 8 9 |  9.1
Earth Magic    | 6 8 11 12 13 | 13.4
Fighting       | 2 4 9 10 | 10.5
Conjurations   | 2 3 6 9 |  9.1
Stealth        | 7 9 10 11 | 11.7
Invocations    | 6 10 12 13 | 13.9
Evocations     | 4 6 |  6.3
Staves         | 4 |  4.0
Fire Magic     | 4 5 |  5.6
Dodging        | |  1.5
Transmutations | |  0.7

Action                   |  1- 3 |  4- 6 |  7- 9 | 10-12 | 13-15 || total
-------------------------+-------+-------+-------+-------+-------++-------
Melee: Unarmed           |    22 |       |       |       |       ||    22
       Dagger            |   116 |    69 |       |       |       ||   185
       Short sword       |       |   150 |    41 |       |       ||   191
       Whip              |       |       |   187 |   253 |       ||   440
       Scimitar          |       |       |       |   152 |   161 ||   313
       Staff             |       |       |       |       |    95 ||    95
       Quarterstaff      |       |       |       |       |     2 ||     2
Throw: Stone             |       |       |       |       |     1 ||     1
 Cast: Sandblast         |    11 |    19 |    55 |    33 |    35 ||   153
       Stone Arrow       |       |     3 |    52 |   141 |   329 ||   525
       Lee's Rapid Decon |       |       |     7 |    47 |   101 ||   155
       Sticky Flame      |       |       |       |       |    22 ||    22
       Iron Shot         |       |       |       |       |     6 ||     6
Invok: Greater Servant o |       |       |       |       |     8 ||     8
       Lesser Servant of |       |       |       |       |     2 ||     2
       Major Destruction |       |       |       |       |     1 ||     1
Evoke: Wand              |       |       |       |       |    13 ||    13
  Use: Scroll            |       |     3 |     5 |    19 |    14 ||    41
       Potion            |       |       |       |       |     4 ||     4
 Stab: Sleeping          |     3 |     3 |     2 |     9 |     2 ||    19
       Distracted        |       |       |       |     1 |     1 ||     2
  Eat: Chunk             |     4 |     5 |    23 |    32 |    28 ||    92
       Ration            |       |     1 |       |     2 |     9 ||    12
Armor: Robe              |    68 |    63 |    43 |       |       ||   174
       Leather armour    |       |       |   119 |   395 |   353 ||   867
Dodge: Dodged            |   100 |   182 |   265 |   352 |   471 ||  1370
       Rpst.: Scimitar   |       |       |       |    47 |    68 ||   115
